 Dungeon Crawl Stone Soup version 0.29.1-12-g30fa7ad0bf (webtiles) character file.

Game seed: 4006692658745444129

232 EarthwalkerPL the Covered (level 5, -13/47 HPs)
             Began as a Minotaur Fighter on Dec 21, 2022.
             Killed by divine providence
             ... invoked by an orc priest
              (15 damage)
             ... on level 4 of the Dungeon.
             The game lasted 00:04:36 (2922 turns).

EarthwalkerPL the Covered (Minotaur Fighter)        Turns: 2922, Time: 00:04:45

Health: -13/47     AC: 12    Str: 22    XL:     5   Next: 73%
Magic:  4/4        EV:  5    Int:  5    God:
Gold:   95         SH:  8    Dex: 10    Spells: 4/4 levels left

rFire   . . .      SeeInvis .   a - +0 war axe
rCold   . . .      Faith    .   w - +0 kite shield
rNeg    . . .      Spirit   .   f - +0 plate armour
rPois   .          Reflect  .   (helmet restricted)
rElec   .          Harm     .   (no cloak)
rCorr   .          Rampage  .   (no gloves)
Will    +....                   (no boots)
Stlth   ..........              (no amulet)
HPRegen 0.15/turn               j - ring of willpower
MPRegen 0.09/turn               p - ring of wizardry

@: no status effects
A: horns 2, retaliatory headbutt
a: no special abilities


You were on level 4 of the Dungeon.
You visited 1 branch of the dungeon, and saw 4 of its levels.

You collected 95 gold pieces.

Inventory:

Hand Weapons
 a - a +0 war axe (weapon)
Missiles
 o - 2 poisoned darts (quivered)
 s - 3 boomerangs
 t - a silver boomerang
 x - a throwing net
Armour
 b - a +0 scale mail
 c - a +0 buckler
 f - a +0 plate armour (worn)
 w - a +0 kite shield (worn)
Jewellery
 j - a ring of willpower (left hand)
 p - a ring of wizardry (right hand)
Wands
 n - a wand of light (12)
 v - a wand of iceblast (11)
Scrolls
 e - 4 scrolls of identify {unknown}
 g - 3 scrolls of summoning {unknown}
 h - a scroll of teleportation {unknown}
 i - 2 scrolls of poison {unknown}
 l - a scroll of blinking {unknown}
 m - 2 scrolls of acquirement {unknown}
 r - a scroll of noise {unknown}
Potions
 d - 2 potions of might
 k - 2 potions of magic {unknown}
 q - a potion of resistance {unknown}
 u - a potion of attraction {unknown}


   Skills:
 * Level 4.9 Fighting
 * Level 4.0 Axes
 * Level 4.9 Armour
 + Level 1.7 Dodging
 * Level 4.9 Shields


You had 4 spell levels left.
You didn't know any spells.
Your spell library contained the following spells:

 Spells                   Type           Power      Damage    Failure   Level
 Ensorcelled Hibernation  Hex/Ice        0%         N/A       100%        2
 Passwall                 Tmut/Erth      0%         N/A       100%        2
 Swiftness                Air            0%         N/A       100%        3


Dungeon Overview and Level Annotations

Branches:
Dungeon (4/15)
 Temple: D:4-7

Altars:


Innate Abilities, Weirdness & Mutations

You have a pair of horns on your head.
You reflexively headbutt those who attack you in melee.


Message History

A magic dart appears from out of thin air!
The magic dart hits you.
The orc priest calls down the wrath of Beogh upon you.
You resist with some effort.
The orc wizard hits you with a +0 dagger.
Found a ring mail.
Something hits you.
The orc wizard gestures at you while chanting.
The magic dart hits you but does no damage.
You closely miss the orc priest. You headbutt the orc priest.
The orc priest is heavily wounded.
You miss something. Something hits you but does no damage.
The orc priest completely misses you.
You closely miss the orc priest.
The orc priest is heavily wounded.
You barely miss the orc wizard. You barely miss something.
Something hits you but does no damage. The orc priest barely misses you.
The orc wizard hits you with a +0 dagger.
Something hits you but does no damage.
The orc priest mumbles some strange prayers to Beogh against you.
Pain shoots through your body!
* * * LOW HITPOINT WARNING * * *
The orc wizard hits you but does no damage.
Something hits you but does no damage.
You feel less confused.
The orc wizard casts a spell.
The orc wizard flickers and vanishes!
The orc priest invokes the aid of Beogh against you.
Beogh smites you!
* * * LOW HITPOINT WARNING * * *
You closely miss the orc priest.
The orc priest is heavily wounded.
You miss something. You hit something. Something hits you but does no damage.
You block the orc priest's attack. Something hits you but does no damage.
You hit the orc priest.
The orc priest is severely wounded.
You barely miss something. You closely miss something.
Something hits you but does no damage.
The orc priest mumbles some strange prayers to Beogh against you.
Beogh smites you!
You die...

#........
#......[##
#........#
#........#
#........#
#........#
#..).....#
#@{......# ######
#{o......# #....##
#....<...#
#'##..#####.#.#.##
#.. ##){.....#...#
#$8. #############
#..o #{8o ##$_


You could see an orc priest.

Vanquished Creatures
  An orc priest (D:3)
  An orc wizard (D:3)
  9 adders
  A worm (D:3)
  4 dart slugs
  9 orcs (D:3)
  6 endoplasms
  A giant cockroach (D:1)
  2 goblins
  6 hobgoblins
  8 jackals
  6 quokkas
  5 ball pythons
  7 bats
  5 frilled lizards
  4 kobolds
  3 rats (D:1)
78 creatures vanquished.

Notes
Turn   | Place    | Note
-------+----------+-------------------------------------------
     0 | D:1      | EarthwalkerPL the Minotaur Fighter began the quest for the
                  | Orb.
     0 | D:1      | Reached XP level 1. HP: 19/19 MP: 0/0
   101 | D:1      | Reached XP level 2. HP: 26/27 MP: 1/1
   689 | D:1      | Reached XP level 3. HP: 33/33 MP: 2/2
  1179 | D:2      | Reached skill level 1 in Dodging
  1179 | D:2      | Reached XP level 4. HP: 40/40 MP: 3/3
  1637 | D:2      | Found a faded altar of an unknown god.
  2027 | D:3      | Reached XP level 5. HP: 30/47 MP: 4/4
  2920 | D:4      | HP: 1/47 [orc priest/divine providence (12)]
  2922 | D:4      | Killed from afar by an orc priest

Illustrated notes

Levels and vault maps discovered:
D:1:      onia_arrival_pentagram, layout_basic, minmay_tromino_i2
D:2:      layout_basic, dreamdust_ecumenical_altar_hidden_monk_grotto,
          amcnicky_mini_rare_corridor_liquid
D:3:      layout_basic
D:4:      layout_basic, grunt_temple_overflow_gold_and_silver,
          kennysheep_orc_chapel, uniq_sigmund, uniq_blork_the_orc

Skill      XL: |  1  2  3  4  5 |
---------------+----------------+-----
Fighting       | 4 |  4.9
Shields        | 4 |  4.9
Armour         | 4 |  4.9
Axes           | 3 4 |  4.0
Dodging        | 1 |  1.7

Action                   |  1- 3 |  4- 6 || total
-------------------------+-------+-------++-------
Melee: War axe           |    80 |   104 ||   184
       Headbutt          |    10 |    16 ||    26
Armor: Scale mail        |    43 |    39 ||    82
       Plate armour      |       |    17 ||    17
Dodge: Dodged            |    37 |    45 ||    82
Block: Buckler           |    20 |    16 ||    36
       Kite shield       |       |    16 ||    16
